 Dungeon Crawl Stone Soup version 0.28.0 (webtiles) character file.

Game seed: 6529050293217968967

583 Sanktem7 the Covered (level 7, -12/61 HPs)
             Began as a Minotaur Fighter on Feb 12, 2022.
             Was an Initiate of Gozag.
             Mangled by an ogre (17 damage)
             ... on level 5 of the Dungeon.
             The game lasted 00:06:11 (4673 turns).

Sanktem7 the Covered (Minotaur Fighter)             Turns: 4673, Time: 00:06:12

Health: -12/61     AC: 12    Str: 22    XL:     7   Next: 14%
Magic:  6/6        EV:  6    Int:  5    God:    Gozag
Gold:   639        SH:  4    Dex: 10    Spells: 6/6 levels left

rFire   . . .      SeeInvis .   s - +2 mace (vorpal)
rCold   . . .      Faith    .   c - +0 buckler
rNeg    . . .      Spirit   .   y - +0 plate armour
rPois   .          Reflect  .   (helmet restricted)
rElec   .          Harm     .   (no cloak)
rCorr   +          Rampage  .   (no gloves)
Will    .....                   (no boots)
Stlth   ..........              (no amulet)
HPRegen 0.20/turn               r - ring of resist corrosion
MPRegen 0.10/turn               (no ring)

@: no status effects
A: horns 2, retaliatory headbutt
a: Renounce Religion, Potion Petition, Call Merchant, Bribe Branch


You were on level 5 of the Dungeon.
You worshipped Gozag.
Gozag was pleased with you.
You visited 1 branch of the dungeon, and saw 5 of its levels.

You collected 639 gold pieces.

Inventory:

Hand Weapons
 a - a +0 war axe
 s - a +2 vorpal mace (weapon)
Armour
 c - a +0 buckler (worn)
 y - a +0 plate armour (worn)
Jewellery
 r - a ring of resist corrosion (left hand)
Wands
 u - a wand of flame (6)
 B - a wand of iceblast (12)
Scrolls
 f - a scroll of acquirement {unknown}
 h - a scroll of blinking {unknown}
 i - a scroll of teleportation {unknown}
 j - 2 scrolls of silence {unknown}
 k - 2 scrolls of identify {unknown}
 p - a scroll of enchant weapon {unknown}
 t - a scroll of amnesia {unknown}
 x - a scroll of immolation {unknown}
 z - a scroll of holy word {unknown}
 A - a scroll of fog {unknown}
Potions
 b - a potion of lignification {unknown}
 d - a potion of might
 e - 2 potions of haste {unknown}
 g - 2 potions of magic {unknown}
 l - 2 potions of cancellation {unknown}
 m - 2 potions of brilliance
 n - 4 potions of curing {unknown}
 o - a potion of resistance {unknown}
 q - a potion of heal wounds {unknown}
 v - a potion of berserk rage {unknown}
 w - a potion of ambrosia {unknown}


   Skills:
 * Level 5.6 Fighting
 * Level 5.6(5.9) Axes
 + Level 2.6(4.4) Maces & Flails
 * Level 6.4 Armour
 + Level 1.1 Dodging
 - Level 3.6 Shields


You had 6 spell levels left.
You didn't know any spells.
Your spell library contained the following spells:

 Spells                   Type           Power      Damage    Failure   Level
 Ozocubu's Armour         Ice            0%         N/A       100%        3
 Ozocubu's Refrigeration  Ice            0%         4d5       100%        7


Dungeon Overview and Level Annotations

Branches:
Dungeon (5/15)             Temple (0/1) D:5

Altars:
Gozag
Kikubaaqudgha


Innate Abilities, Weirdness & Mutations

You have a pair of horns on your head.
You reflexively headbutt those who attack you in melee.


Message History

You hit the hound zombie.
The hound zombie is almost destroyed.
The hound zombie bites you but does no damage. x2
You thump the hound zombie!
You destroy the hound zombie!
You now have 607 gold pieces (gained 5).
You now have 612 gold pieces (gained 5).
Found an ancient bone altar of Kikubaaqudgha.
You open the door.
There is an open door here.
You now have 621 gold pieces (gained 9).
You now have 627 gold pieces (gained 6).
You now have 639 gold pieces (gained 12).
There is an ancient bone altar of Kikubaaqudgha here.
There is an open door here.
Found a stone staircase leading down.
A - a scroll labelled BAEBIGRUED
Found a leather armour.
B - a wand of iceblast (12)
Found a quarterstaff.
An ogre comes into view. It is wielding a +0 giant club.
The ogre shouts!
An ogre is nearby!
An ogre is nearby!
An ogre is nearby!
The ogre hits you with a +0 giant club! The ogre hits you with a +0 giant club!
You hit the ogre. You headbutt the ogre.
The ogre is heavily wounded.
The ogre hits you with a +0 giant club!!
* * * LOW HITPOINT WARNING * * *
You sock the ogre! Your headbutt misses the ogre.
The ogre is almost dead.
The ogre hits you with a +0 giant club!
* * * LOW HITPOINT WARNING * * *
You hit the ogre.
The ogre is almost dead.
The ogre hits you with a +0 giant club!
You die...
Your body crumbles into a pile of gold.

#.# #.#...
####.#######.#...
#............#.._
###............#... .
#[.............#... ...
#....#+##......###'
....##....#.##..........
........O...............
#....)@................
.........$.........<....
..............##........
..............##........
##............##.....#..
#........#+#####....#..
########.. ###+##.. ###
#..... #.....


You could see an ogre.

Vanquished Creatures
  A water moccasin (D:5)
  A necrophage (D:5)
  A centaur zombie (D:5)
  A jelly (D:4)
  A hound (D:5)
  2 iguanas
  Terence (D:3)
  Natasha (twice) (D:2)
  A hound zombie (D:5)
  Robin (D:3)
  A gnoll (D:3)
  5 adders
  A worm (D:2)
  A dart slug (D:3)
  2 orcs
  6 endoplasms
  4 giant cockroaches
  12 goblins
  11 hobgoblins
  5 jackals (D:2)
  3 quokkas
  6 ball pythons
  3 bats (D:3)
  7 frilled lizards
  5 kobolds
  4 rats
88 creatures vanquished.

Notes
Turn   | Place    | Note
-------+----------+-------------------------------------------
     0 | D:1      | Sanktem7 the Minotaur Fighter began the quest for the Orb.
     0 | D:1      | Reached XP level 1. HP: 19/19 MP: 0/0
   302 | D:1      | Reached XP level 2. HP: 27/27 MP: 1/1
   336 | D:1      | Reached skill level 4 in Armour
   526 | D:1      | Found a faded altar of an unknown god.
   557 | D:1      | Prayed at the altar of an unknown god.
   557 | D:1      | Became a worshipper of Gozag Ym Sagoz the Greedy
  1020 | D:2      | Noticed Natasha
  1030 | D:2      | Killed Natasha
  1031 | D:2      | Reached XP level 3. HP: 31/33 MP: 2/2
  1272 | D:2      | Reached XP level 4. HP: 28/40 MP: 3/3
  2256 | D:2      | Noticed Natasha
  2261 | D:2      | Killed Natasha
  2262 | D:2      | Reached skill level 5 in Armour
  2329 | D:3      | Reached XP level 5. HP: 44/47 MP: 4/4
  2432 | D:3      | Noticed Terence
  2439 | D:3      | Killed Terence
  2566 | D:3      | Noticed Robin
  2602 | D:3      | Killed Robin
  3531 | D:4      | Reached skill level 5 in Fighting
  3531 | D:4      | Reached skill level 5 in Axes
  3579 | D:4      | Identified the +2 robe "Ymaneivo" {Str+4 Int-3 Dex+7}
  3688 | D:4      | Reached XP level 6. HP: 49/56 MP: 5/5
  4277 | D:5      | Entered Level 5 of the Dungeon
  4277 | D:5      | Noticed a water moccasin
  4284 | D:5      | Killed a water moccasin
  4285 | D:5      | Reached skill level 1 in Maces & Flails
  4285 | D:5      | Reached skill level 1 in Dodging
  4413 | D:5      | Found a staircase to the Ecumenical Temple.
  4421 | D:5      | Reached skill level 6 in Armour
  4484 | D:5      | Reached XP level 7. HP: 59/61 MP: 6/6
  4611 | D:5      | Found an ancient bone altar of Kikubaaqudgha.
  4673 | D:5      | Mangled by an ogre

Illustrated notes

Levels and vault maps discovered:
D:1:      nagdon_arrival_zigzag_paths, layout_loops_ring,
          hellmonk_ecumenical_altar_pennies_from_heaven,
          corexii_item_surrounded_by_moat, minmay_distorted
D:2:      layout_loops_corners, minmay_misc_feat_room, uniq_natasha
D:3:      minmay_spotlight, layout_basic, st_stairs_9, minmay_cut_off,
          uniq_robin, uniq_terence
D:4:      layout_loops_ring, minmay_misc_feat_tower,
          hangedman_abyss_or_decor_passed, dk_vineyard_2
D:5:      kennysheep_six_static_rooms, layout_basic, amcnicky_altar_gilded,
          minmay_temple_entry_grid, uniq_crazy_yiuf_cottage

Skill      XL: |  1  2  3  4  5  6 |
---------------+-------------------+-----
Fighting       | 4 5 |  5.6
Armour         | 4 5 6 |  6.4
Axes           | 3 4 5 |  5.6
Maces & Flails | 2 |  2.6
Dodging        | 1 |  1.1
Shields        | |  3.6

Action                   |  1- 3 |  4- 6 |  7- 9 || total
-------------------------+-------+-------+-------++-------
Melee: War axe           |    72 |    53 |       ||   125
       Headbutt          |     8 |    15 |     2 ||    25
       Mace              |       |    72 |    16 ||    88
 Stab: Distracted        |       |     1 |       ||     1
Armor: Scale mail        |    29 |    42 |       ||    71
       Plate armour      |       |    44 |    13 ||    57
Dodge: Dodged            |    34 |    61 |     7 ||   102
Block: Buckler           |    18 |    20 |     4 ||    42
